 Dungeon Crawl Stone Soup version 0.32-a0-921-g04a7ad8e02 (webtiles) character file.

Game seed: 8444690773646006083

24 kr4n3x the Ducker (level 3, 29/29 HPs)
             Began as a Merfolk Gladiator on Apr 11, 2024.
             Got out of the dungeon alive.
             The game lasted 00:02:37 (859 turns).

kr4n3x the Ducker (Merfolk Gladiator)                Turns: 859, Time: 00:02:37

Health: 29/29      AC:  4    Str: 14    XL:     3   Next: 2%
Magic:  3/3        EV: 12    Int:  7    God:
Gold:   41         SH:  0    Dex: 17    Spells: 2/2 levels left

rFire   . . .        a - +0 long sword
rCold   . . .        (no shield)
rNeg    . . .        b - +0 leather armour
rPois   .            l - +0 helmet
rElec   .            (no cloak)
rCorr   .            (no gloves)
SInv    .            (no boots)
Will    .....        (no amulet)
Stlth   ++           (no ring)
HPRegen 0.24/turn    (no ring)
MPRegen 0.08/turn

%: no passive effects
@: no status effects
A: (nimble swimmer 2), mertail
a: no special abilities


You escaped.
You visited 1 branch of the dungeon, and saw 2 of its levels.

You collected 41 gold pieces.


Innate Abilities, Weirdness & Mutations

((You are very nimble when in or above water. (Stealth+, EV+, Speed+++)))
Your lower body shifts to a powerful aquatic tail in water.


   Skills:
 - Level 3.0 Fighting
 - Level 4.0 Long Blades
 - Level 2.0 Throwing
 - Level 4.0 Dodging
 + Level 1.6 Stealth


You had 2 spell levels left.
You didn't know any spells.
Your spell library was empty.

Inventory:

Hand Weapons
 a - a +0 long sword (weapon)
 n - a +0 falchion
   (You found it on level 1 of the Dungeon)
Missiles
 d - 3 throwing nets (quivered) {=f!f}
 e - 3 javelins
 g - 3 stones
 h - 2 boomerangs
Armour
 b - a +0 leather armour (worn)
 l - a +0 helmet (worn)
   (You found it on level 1 of the Dungeon)
Scrolls
 c - a scroll of brand weapon {unknown}
 f - a scroll of identify {unknown}
 m - a scroll of noise {unknown}
 o - a scroll of amnesia {unknown}
Potions
 i - a potion of heal wounds {unknown}
 j - a potion of curing {unknown}
 k - a potion of haste {unknown}
 p - a potion of resistance {unknown}

Dungeon Overview and Level Annotations

Branches:
Dungeon (2/15) Zot: 11132

Altars:

....####.#...# #.....#.....##.#
..######.#########.#.#...####.##
..#...##.+P~~~ā‰ˆP.#...#.#.......#
.........#.PP.~~.#.....#.......#
##.....###~.~~~~~#.............#
###....###P~.....####..........#
.........#~.~ā‰ˆ~#.# #..........#
.........#.~~~.#.# #.........##
...###...'.ā‰ˆ~Pā‰ˆ#@####.........#
.......#.#########...#.#......#
.......+...........#..........#
.......#....##.###.....#.###..#
.###........##'###.....#......##
#................#.....+.##....#
+......................#.##+#..##
#....)..###..........#..).......#
........# ######.....#.#.#......#


There were no monsters in sight!


Message History

A ball python comes into view.
A dart slug comes into view.
You closely miss the frilled lizard.
The ball python hisses angrily.
The frilled lizard barely misses you.
You hit the frilled lizard. The frilled lizard barely misses you.
The ball python bites you.
The ball python barely misses you. šŸ˜• HP[-3]
You take 3 damage, and now have 21/24 hp.
You slash the frilled lizard!
You kill the frilled lizard!
The ball python barely misses you. The ball python misses you. šŸ˜• HP[+1]
You closely miss the ball python. The ball python closely misses you.
The ball python barely misses you. x2
You barely miss the ball python.
The ball python bites you but does no damage.
The ball python grabs you. The ball python constricts you.
The ball python barely misses you. The ball python bites you.
The ball python constricts you. šŸ˜• HP[-2]
You take 2 damage, and now have 20/24 hp.
You closely miss the ball python.
The ball python bites you but does no damage.
The ball python barely misses you. The ball python constricts you.
The dart slug launches a dart at you. The slug dart hits you. šŸ˜® HP[-3]
You take 3 damage, and now have 17/24 hp.
You hit the ball python.
You kill the ball python!
The ball python barely misses you. The ball python grabs you.
The ball python constricts you. The ball python completely misses you.
The ball python constricts you.
You barely miss the ball python. The ball python bites you.
The ball python constricts you. The dart slug bites you. šŸ˜® HP[-3]
You take 3 damage, and now have 14/24 hp.
You hit the ball python.
The ball python bites you but does no damage.
The ball python constricts you. The dart slug bites you.
The ball python bites you.
* * * LOW HITPOINT WARNING * * *
The ball python constricts you.
* * * LOW HITPOINT WARNING * * *
šŸ˜Ø HP[-4]
You take 4 damage, and now have 10/24 hp.
You closely miss the ball python.
The ball python bites you but does no damage.
The ball python constricts you.
* * * LOW HITPOINT WARNING * * *
The dart slug bites you.
* * * LOW HITPOINT WARNING * * *
šŸ˜Ø HP[-3]
You take 3 damage, and now have 7/24 hp.
You closely miss the ball python. The ball python barely misses you.
The ball python constricts you.
* * * LOW HITPOINT WARNING * * *
The dart slug bites you.
* * * LOW HITPOINT WARNING * * *
šŸ˜± HP[-3]
You take 3 damage, and now have 4/24 hp.
Unknown command.
You hit the ball python.
You kill the ball python!
You open the door. The dart slug launches a dart at you.
The slug dart hits you but does no damage. šŸ˜± HP[+1]
You slash the dart slug!
You kill the dart slug!
You have reached level 3!
Your experience leads to an increase in your attributes!
Increase (S)trength, (I)ntelligence, or (D)exterity?
You feel agile. x2 šŸ˜± HP[+1] MP[+1]
You now have 29 max hp (+5).
Your mp is fully restored (3).
You now have 15 gold pieces (gained 13).
You now have 25 gold pieces (gained 10).
You see here a +0 mace.
You open the door.
There is an open door here.
Done exploring. šŸ˜Ž HP[+23]
Your hp is fully restored (29).
Done exploring.
There is a stone staircase leading down here.
You climb downwards.
There is a stone staircase leading up here.
Found a stone staircase leading down.
You now have 41 gold pieces (gained 16).
A frilled lizard comes into view.
A frilled lizard is nearby!
There is a stone staircase leading up here.
You climb upwards.
There is a stone staircase leading down here.
Okay, then.
There is an open door here.
There is a staircase leading out of the dungeon here.
You have escaped!

Skill      XL: |  1  2 |
---------------+-------+-----
Fighting       | 3 |  3.0
Long Blades    | 4 |  4.0
Stealth        | 1 |  1.6
Throwing       | |  2.0
Dodging        | |  4.0

Action                     || total
---------------------------++-------
  Melee: Long sword        ||    47
 Armour: Leather armour    ||    49
  Dodge: Dodged            ||    32

Levels and vault maps discovered:
D:1:      lightli_arrival_flooded_house, layout_basic
D:2:      layout_loops_ring, serial_bayou_crossing

Notes
Turn   | Place    | Note
-------+----------+-------------------------------------------
     0 | D:1      | kr4n3x the Merfolk Gladiator began the quest for the Orb.
     0 | D:1      | Reached XP level 1. HP: 16/16 MP: 1/1
     0 | D:1      | magus.rc [v1.11.7]
    62 | D:1      | Reached skill level 3 in Fighting
    62 | D:1      | Reached XP level 2. HP: 22/24 MP: 2/2
   193 | D:1      | Reached skill level 4 in Long Blades
   461 | D:1      | Reached skill level 1 in Stealth
   579 | D:1      | HP: 5/24 [constriction (2)]
   584 | D:1      | Reached XP level 3. HP: 6/29 MP: 3/3
   859 | D:$      | Got out of the dungeon alive.

Vanquished Creatures
  2 dart slugs (D:1)
  A bat (D:1)
  An endoplasm (D:1)
  3 goblins (D:1)
  3 hobgoblins (D:1)
  2 kobolds (D:1)
  3 ball pythons (D:1)
  3 frilled lizards (D:1)
18 creatures vanquished.

Table legend:
 A = Non-vault XP
 B = Vault XP
 C = Vault XP percentage of total XP
 D = Non-vault monster count
 E = Vault monster count
 F = Vault count percentage of total count
                 A         B        C        D         E       F
            +---------+---------+-------+---------+---------+-------
      Total |      35 |       0 |   0.0 |      18 |       0 |   0.0
            +---------+---------+-------+---------+---------+-------
        D:1 |      35 |       0 |   0.0 |      18 |       0 |   0.0
            +---------+---------+-------+---------+---------+-------

Skill      XL: |  1  2 |
---------------+-------+-----
Fighting       | 3 |  3.0
Long Blades    | 4 |  4.0
Stealth        | 1 |  1.6
Throwing       | |  2.0
Dodging        | |  4.0

Action                     || total
---------------------------++-------
  Melee: Long sword        ||    47
 Armour: Leather armour    ||    49
  Dodge: Dodged            ||    32

Illustrated notes

Table legend:
 A = Kills in this place as a percentage of kills in the entire game.
 B = Kills by you in this place as a percentage of kills by you in the entire game.
 C = Kills by friends in this place as a percentage of kills by friends in the entire game.
 D = Other kills in this place as a percentage of other kills in the entire game.
 E = Experience gained in this place as a percentage of experience gained in the entire game.
 F = Experience gained in this place divided by the number of levels of this place that you have seen.
                   A       B       C       D       E      F
               +-------+-------+-------+-------+-------+----------------------
         Total | 100.0 | 100.0 |   N/A |   N/A | 100.0 |  17.5
       Dungeon | 100.0 | 100.0 |   N/A |   N/A | 100.0 |  17.5
               +-------+-------+-------+-------+-------+----------------------

Table legend: (Time is in decaauts)
 A = Elapsed time spent in this place.
 B = Non-inter-level travel time spent in this place.
 C = Inter-level travel time spent in this place.
 D = Time resting spent in this place.
 E = Time spent auto-exploring this place.
 F = Levels seen in this place.
 G = Mean time per level.
                   A        B        C        D        E       F      G
               +--------+--------+--------+--------+--------+-----+--------+
         Total |    867 |    751 |    116 |      0 |    605 |   2 |  433.5 |
       Dungeon |    867 |    751 |    116 |      0 |    605 |   2 |  433.5 |
               +--------+--------+--------+--------+--------+-----+--------+

Top non-repeatable levels by time:
     D:1: 835 daAuts
     D:2: 31 daAuts
